 Dungeon Crawl Stone Soup version 0.20-a0-11-ga97c7b5 (webtiles) character file.

184 Ladykiller69 the Slasher (level 5, -1/36 HPs)
             Began as a High Elf Gladiator on Nov 2, 2016.
             Slain by an iguana (10 damage)
             ... on level 3 of the Dungeon.
             The game lasted 00:11:24 (4212 turns).

Ladykiller69 the Slasher (High Elf Gladiator)       Turns: 4212, Time: 00:11:25

Health: -1/36      AC:  5    Str: 14    XL:     5   Next: 36%
Magic:  6/6        EV: 14    Int: 11    God:
Gold:   206        SH:  0    Dex: 17    Spells: 0 memorised, 4 levels left

rFire  . . .     SeeInvis .     a - +0 long sword
rCold  . . .     Gourm    .     b - +0 leather armour
rNeg   . . .     Faith    .     (no shield)
rPois  .         Spirit   .     c - +0 helmet
rElec  .         Reflect  .     (no cloak)
rCorr  .         Harm     .     s - +0 pair of gloves
MR     .....                    (no boots)
Stlth  +.........               (no amulet)
                                (no ring)
                                (no ring)

@: no status effects
A: no striking features
a: no special abilities


You were on level 3 of the Dungeon.
You were near starving.

You visited 1 branch of the dungeon, and saw 4 of its levels.

You collected 206 gold pieces.

Inventory:

Hand Weapons
 a - a +0 long sword (weapon)
Missiles
 d - 3 throwing nets (quivered)
 h - 163 stones
 t - 2 tomahawks
Armour
 b - a +0 leather armour (worn)
 c - a +0 helmet (worn)
 s - a +0 pair of gloves (worn)
Jewellery
 n - a cursed ring of teleportation {unknown}
 r - an uncursed ring of wizardry {unknown}
 v - an uncursed ring of protection from magic {unknown}
 A - an uncursed ring of ice {unknown}
 C - an uncursed ring of protection from magic {unknown}
Scrolls
 i - 2 scrolls of teleportation {unknown}
 j - 2 scrolls of identify {unknown}
 k - 2 scrolls of remove curse {unknown}
 l - a scroll of magic mapping {unknown}
 o - a scroll of blinking {unknown}
 q - a scroll of fog {unknown}
 w - a scroll of enchant armour {unknown}
 y - a scroll of enchant weapon {unknown}
 B - a scroll of recharging {unknown}
Potions
 e - 2 potions of heal wounds {unknown}
 g - a potion of might {unknown}
 x - a potion of flight {unknown}
 z - 2 potions of curing {unknown}
Comestibles
 f - 3 bread rations
 m - 2 slices of pizza
 p - 2 fruits
 u - a meat ration


   Skills:
 + Level 3.3 Fighting
 * Level 5.3 Long Blades
 + Level 3.0 Throwing
 + Level 4.1 Dodging


You had 4 spell levels left.
You didn't know any spells.

Dungeon Overview and Level Annotations

Branches:
Dungeon (4/15)
 Temple: D:4-7

Altars:


Message History

The quokka is severely wounded.
The quokka bites you.
You hit the quokka but do no damage.
The quokka is severely wounded.
The quokka barely misses you.
You riposte.
You slash the quokka!
You kill the quokka!
You slash the iguana!
The iguana is severely wounded.
The iguana bites you!
* * * LOW HITPOINT WARNING * * *
You are too injured to fight recklessly!
You are too injured to fight recklessly!
You are too injured to fight recklessly!
You hit the iguana but do no damage.
The iguana is severely wounded.
The iguana bites you but does no damage.
You hit the iguana but do no damage.
The iguana is heavily wounded.
The iguana bites you!
You die...

#.#####.#.######.#.##....
#.#.........####.........
#.#.###.......####.##....
#.#.....>.#.#.# #.......
#.#.###..##.#.# ####....
#.#......#..#.# #....
#.#......#.##.# #....
####.#.#..#l#.##.# #....
#.........#@#.##.###########
#.##.#....#.#.##.#.........#
#.##.#......#.##............
#.##.#....#.#.####.........#
##.##.#.#...................#
#.....#.##.....##........####
#######.##W..............####
##.......##.............
#.......................


You could see an iguana.

Vanquished Creatures
  An orc wizard (D:3)
  An orc priest (D:4)
  3 adders (D:3)
  4 worms
  A dart slug (D:3)
  2 leopard geckos
  6 orcs
  2 ball pythons
  9 bats
  A giant cockroach (D:1)
  9 goblins
  8 hobgoblins
  9 jackals
  3 quokkas (D:3)
  2 frilled lizards
  6 kobolds
  5 rats
72 creatures vanquished.

Notes
Turn   | Place    | Note
-------+----------+-------------------------------------------
     0 | D:1      | Ladykiller69 the High Elf Gladiator began the quest for the Orb.
     0 | D:1      | Reached XP level 1. HP: 14/14 MP: 2/2
   213 | D:1      | Reached XP level 2. HP: 6/19 MP: 3/3
   831 | D:1      | Reached skill level 4 in Long Blades
  1026 | D:1      | Reached XP level 3. HP: 7/25 MP: 4/4
  2266 | D:3      | Reached XP level 4. HP: 30/30 MP: 5/5
  3049 | D:3      | Reached skill level 5 in Long Blades
  3049 | D:3      | Reached XP level 5. HP: 4/36 MP: 6/6
  3556 | D:4      | Noticed a phantom
  3898 | D:4      | Noticed a phantom
  4212 | D:3      | Slain by an iguana

Vault maps used:
D:1:      lordsloth_arrival_two_stooges, st_stairs_8,
          hangedman_abyss_or_decor_lesser_grid
D:2:      first_bread
D:3:      minmay_misc_feat_iff

Skill      XL: |  1  2  3  4  5 |
---------------+----------------+-----
Long Blades    | 4 5 |  5.3
Fighting       | 3 |  3.3
Dodging        | 4 |  4.1
Throwing       | 3 |  3.0

Action                   |  1- 3 |  4- 6 || total
-------------------------+-------+-------++-------
Melee: Long sword        |   126 |   138 ||   264
 Stab: Sleeping          |     2 |     2 ||     4
  Eat: Chunk             |     4 |     5 ||     9
Armor: Leather armour    |    27 |    29 ||    56
Dodge: Dodged            |    95 |    99 ||   194
       Rpst.: Long sword |    27 |    29 ||    56
